[Event "Titled Tuesday Blitz January 17 Early 2023"]
[White "Jobava, Baadur"]
[Black "Babazada, Khazar"]
[WhiteFideId "13601520"]
[BlackFideId "13413554"]
[WhiteElo "2578"]
[BlackElo "2474"]
[Result "1/2-1/2"]
[Round "06"]
[TimeControl "180+2"]
[Date "2023.01.17"]
[WhiteClock "0:00:07"]
[BlackClock "0:00:05"]

1. b3 c5 2. Bb2 Nc6 3. c4 Nf6 4. Nf3 d5 5. cxd5 Nxd5 6. e3 f6 7. Nc3 Nxc3 8. Bxc3 e5 9. Bc4 Qd6 10. O-O Be6 11. d4 Bxc4 12. bxc4 cxd4 13. exd4 exd4 14. Nxd4 Nxd4 15. Bxd4 Be7 16. Qh5+ g6 17. Qb5+ Qc6 18. Qxc6+ bxc6 19. Rab1 Kf7 20. Rb7 Rhb8 21. Rc7 Rc8 22. Rxc8 Rxc8 23. Rb1 Rd8 24. Bxa7 Rd2 25. Ra1 Bd6 26. Be3 Rc2 27. a4 Be5 28. Ra3 Bd6 29. Rd3 Ra2 30. g4 Ke6 31. c5 Be5 32. f4 Bc7 33. Rd4 Rc2 34. Re4+ Kd7 35. h3 f5 36. gxf5 gxf5 37. Rd4+ Ke6 38. Rd2 Rxd2 39. Bxd2 Kd5 40. Kf2 Kxc5 41. Ke2 Kc4 42. Ke3 Bb6+ 43. Ke2 Bd8 44. Ke3 c5 45. Ke2 Bc7 46. Ke3 Bd8 47. Ke2 Bb6 48. Ke3 Kb3 49. a5 Ba7 50. a6 c4+ 51. Ke2 c3 52. Be1 c2 53. Bd2 Kb2 54. Kd3 c1=Q 55. Bxc1+ Kxc1 56. Kc4 Kd2 57. Kd5 Ke3 58. Ke5 Kf3 59. Kxf5 Kg3 60. Kg5 Be3 61. Kh6 Kxf4 62. h4 Kg4+ 63. Kxh7 Kxh4 64. Kg6 Bf2 1/2-1/2


[Site "https://www.chess.com"]

[Event "Titled Tuesday Blitz January 17 Early 2023"]
[White "Svane, Rasmus"]
[Black "Indjic, Aleksandar"]
[WhiteFideId "4657101"]
[BlackFideId "911925"]
[WhiteElo "2623"]
[BlackElo "2618"]
[Result "1-0"]
[Round "06"]
[TimeControl "180+2"]
[Date "2023.01.17"]
[WhiteClock "0:00:12"]
[BlackClock "0:00:06"]

1. Nf3 c5 2. c4 g6 3. d4 Bg7 4. d5 d6 5. e4 Nf6 6. Bd3 O-O 7. Nc3 e6 8. h3 exd5 9. exd5 Re8+ 10. Be3 Rxe3+ 11. fxe3 Nbd7 12. O-O Qe7 13. Qc2 Nh5 14. Rf2 Ne5 15. Nxe5 Bxe5 16. Raf1 f5 17. Rf3 Ng3 18. R1f2 Qg5 19. Ne2 Nxe2+ 20. Qxe2 Bd7 21. Kh1 Bg3 22. Rf1 Re8 23. Qd2 h5 24. a3 b6 25. b4 Re7 26. Qc1 Qh4 27. Kg1 Be5 28. Kh1 Kg7 29. Qd2 Rf7 30. Qf2 Qd8 31. Qd2 a5 32. bxa5 bxa5 33. Qf2 Qe7 34. g3 a4 35. e4 h4 36. exf5 hxg3 37. Rxg3 Bxg3 38. Qxg3 Rf6 39. Rg1 Qf8 40. Be4 Qf7 41. fxg6 Qe8 42. Qh4 Rf8 43. Qh7+ Kf6 44. g7 Rg8 45. Qh4+ Ke5 46. Bg6 Qd8 47. Re1# 1-0


[Site "https://www.chess.com"]

[Event "Titled Tuesday Blitz January 17 Early 2023"]
[White "Dubov, Daniil"]
[Black "Samunenkov, Ihor"]
[WhiteFideId "24126055"]
[BlackFideId "14187086"]
[WhiteElo "2708"]
[BlackElo "2501"]
[Result "1-0"]
[Round "06"]
[TimeControl "180+2"]
[Date "2023.01.17"]
[WhiteClock "0:00:04"]
[BlackClock "0:00:01"]

1. d4 d5 2. Nf3 Nf6 3. Bg5 Ne4 4. Bh4 Qd6 5. c4 c6 6. Nc3 Nxc3 7. bxc3 g6 8. e3 Bg7 9. Be2 O-O 10. O-O Bg4 11. Rb1 b6 12. Qb3 e6 13. h3 Bf5 14. Rbc1 Nd7 15. Nd2 e5 16. cxd5 cxd5 17. Rfd1 Rac8 18. Bf3 Be6 19. Bg3 Qc6 20. Qa3 b5 21. Be2 a6 22. Nf3 e4 23. Nd2 Rfe8 24. Rc2 Ra8 25. Rdc1 Nb6 26. Nb3 Bf8 27. Qa5 Nc4 28. Bxc4 Qxc4 29. Nc5 Bxc5 30. dxc5 Qxc5 31. Be5 Qc6 32. Bd4 Bd7 33. Qa3 Rac8 34. Qb2 Qc4 35. Rd2 Be6 36. Rcd1 Rb8 37. a3 a5 38. Qa1 Rec8 39. Kh2 b4 40. cxb4 axb4 41. Bh8 f6 42. Qxf6 Rc7 43. Qxe6+ Kxh8 44. Qe5+ Kg8 45. axb4 Qxb4 46. Qxc7 Rf8 47. Qg3 Qe7 48. Rxd5 Qe6 49. Rd7 1-0


[Site "https://www.chess.com"]

[Event "Titled Tuesday Blitz January 17 Early 2023"]
[White "Martinez Alcantara, Jose Eduardo"]
[Black "Krzyzanowski, Marcin"]
[WhiteFideId "3805662"]
[BlackFideId "1132199"]
[WhiteElo "2619"]
[BlackElo "2512"]
[Result "1-0"]
[Round "06"]
[TimeControl "180+2"]
[Date "2023.01.17"]
[WhiteClock "0:01:01"]
[BlackClock "0:00:01"]

1. e4 c6 2. d4 d5 3. e5 Bf5 4. h4 h5 5. Bd3 Bxd3 6. Qxd3 Qa5+ 7. b4 Qa6 8. e6 Qxd3 9. cxd3 Na6 10. a3 fxe6 11. Nd2 Nf6 12. Ndf3 Nc7 13. Nh3 a5 14. Rb1 axb4 15. Rxb4 b5 16. O-O Nd7 17. Bf4 Na6 18. Rbb1 e5 19. Bxe5 e6 20. Nf4 Rh6 21. Rfe1 Nxe5 22. Rxe5 Kd7 23. Rg5 Nc7 24. Ne5+ Ke8 25. Nxh5 Rxa3 26. Nxg7+ Ke7 27. Nxc6+ Kd6 28. Ne5 Rxh4 29. Rc1 Ra6 30. Nf7+ Kd7 31. Ne5+ Kd6 32. g4 Rh7 33. Nh5 Be7 34. Rg8 b4 35. Rc8 Bg5 36. f4 b3 37. Rb8 Rxh5 38. fxg5 Rh3 39. Rxb3 Ne8 40. Rb7 1-0


[Site "https://www.chess.com"]

[Event "Titled Tuesday Blitz January 17 Early 2023"]
[White "Deac, Bogdan-Daniel"]
[Black "Harsh Suresh"]
[WhiteFideId "1226380"]
[BlackFideId "45018464"]
[WhiteElo "2700"]
[BlackElo "2298"]
[Result "1-0"]
[Round "06"]
[TimeControl "180+2"]
[Date "2023.01.17"]
[WhiteClock "0:00:08"]
[BlackClock "0:00:12"]

1. b3 d5 2. Bb2 Bg4 3. Nf3 Bxf3 4. exf3 e6 5. g3 Nf6 6. Bg2 g6 7. f4 Bg7 8. O-O O-O 9. c4 c6 10. d4 Nbd7 11. Nd2 a5 12. Re1 a4 13. Qc2 Qa5 14. Bc3 Qa7 15. c5 Rfc8 16. b4 Ne8 17. a3 Nc7 18. Bf1 b6 19. Nf3 Rab8 20. h4 h5 21. Ng5 Nf6 22. Bd3 Ne4 23. Nxe4 dxe4 24. Rxe4 Nd5 25. cxb6 Qxb6 26. Bb2 Ra8 27. Rd1 Rd8 28. Bc4 Ne7 29. Bxe6 fxe6 30. Rxe6 Qb7 31. Rde1 Rd7 32. d5 cxd5 33. Bxg7 Kxg7 34. Qc5 Nf5 35. Rb6 Qc7 36. Rc6 Qa7 37. Qc3+ Qd4 38. Qc2 Rf8 39. Ree6 Qa1+ 40. Kh2 Ne7 41. Rc7 Rxc7 42. Qxc7 Rf7 43. Rxe7 Rxe7 44. Qxe7+ Kg8 45. Qe8+ Kg7 46. Qe5+ Qxe5 47. fxe5 d4 48. Kg2 Kf7 49. Kf1 Ke6 50. f4 Kd5 51. Ke1 Kc4 52. e6 Kb3 53. Kd2 Kxa3 54. e7 Kxb4 55. e8=Q a3 56. Qb8+ Kc4 57. Qa7 Kb3 58. Kd3 Ka2 59. Kxd4 Kb2 60. Kd3 a2 61. Qb6+ Ka1 62. Qd4+ Kb1 63. Qb6+ Kc1 64. Qg1+ Kb2 65. Qd4+ Kb1 66. f5 gxf5 67. Qb4+ Kc1 68. Qc3+ Kb1 69. Qc2+ Ka1 70. Qc1# 1-0


[Site "https://www.chess.com"]

[Event "Titled Tuesday Blitz January 17 Early 2023"]
[White "Eljanov, Pavel"]
[Black "Seo, Jung Min"]
[WhiteFideId "14102951"]
[BlackFideId "1734687"]
[WhiteElo "2705"]
[BlackElo "2494"]
[Result "1-0"]
[Round "06"]
[TimeControl "180+2"]
[Date "2023.01.17"]
[WhiteClock "0:01:06"]
[BlackClock "0:01:20"]

1. c4 d6 2. d4 e5 3. Nf3 e4 4. Ng5 f5 5. f3 Be7 6. Nh3 Nf6 7. Nc3 c6 8. Bg5 O-O 9. Qb3 h6 10. Bd2 Kh7 11. O-O-O d5 12. e3 Na6 13. Kb1 Nc7 14. Rc1 dxc4 15. Bxc4 b5 16. Be2 Be6 17. Qc2 Kh8 18. Nf4 Bg8 19. fxe4 Bh7 20. e5 Ng4 21. h3 Nf2 22. Rhf1 Ne4 23. Nxe4 fxe4 24. Qxc6 Ne8 25. Ng6+ Bxg6 26. Qxg6 1-0


[Site "https://www.chess.com"]

[Event "Titled Tuesday Blitz January 17 Early 2023"]
[White "Korobov, Anton"]
[Black "Arjun, Kalyan"]
[WhiteFideId "14105730"]
[BlackFideId "35018701"]
[WhiteElo "2664"]
[BlackElo "2516"]
[Result "1-0"]
[Round "06"]
[TimeControl "180+2"]
[Date "2023.01.17"]
[WhiteClock "0:00:48"]
[BlackClock "0:00:10"]

1. d4 Nf6 2. c4 e6 3. Nc3 Bb4 4. e3 O-O 5. Bd3 d5 6. a3 Bxc3+ 7. bxc3 dxc4 8. Bxc4 c5 9. Nf3 Qc7 10. Ba2 b5 11. O-O Bb7 12. Re1 Nbd7 13. Bb2 Nb6 14. Rc1 a6 15. c4 bxc4 16. Bxc4 Nxc4 17. Rxc4 Qb6 18. Qc1 Bxf3 19. dxc5 Qc6 20. gxf3 Qxf3 21. Rf4 Qd5 22. Bxf6 gxf6 23. Qc3 Qe5 24. Rg4+ Kh8 25. Qxe5 fxe5 26. Rb1 Rg8 27. Rxg8+ Rxg8+ 28. Kf1 Rc8 29. Rc1 Kg8 30. Ke2 Kf8 31. Kd3 Ke7 32. Kc4 Rg8 33. Rb1 Rg4+ 34. Kc3 Rg2 35. Rb7+ Kf6 36. c6 Rg1 37. c7 Rc1+ 38. Kb4 e4 39. Ka5 Rc6 40. a4 Ke5 41. c8=Q Rxc8 42. Rxf7 Ra8 43. Rxh7 Rf8 44. Kxa6 Rxf2 45. a5 Re2 46. Rh3 Rb2 47. Ka7 Kd6 48. a6 Rb3 49. Ka8 Kc7 50. a7 Ra3 51. Rh7+ Kc8 52. Rh5 Kc7 53. Rc5+ Kb6 54. Kb8 Kxc5 55. a8=Q Rxa8+ 56. Kxa8 Kc4 57. h4 Kd5 58. Kb7 Ke5 59. Kc6 Kf5 60. Kd6 Kg4 61. Kxe6 Kxh4 62. Ke5 Kg5 63. Kxe4 Kf6 64. Kd5 Ke7 65. Ke5 Kf7 66. Kd6 Ke8 67. e4 Kd8 68. e5 Ke8 69. Ke6 Kd8 70. Kf7 Kd7 71. e6+ Kd6 72. e7 Kd5 73. e8=Q 1-0


[Site "https://www.chess.com"]

[Event "Titled Tuesday Blitz January 17 Early 2023"]
[White "Narayanan, Srinath"]
[Black "Boruchovsky, Avital"]
[WhiteFideId "5018420"]
[BlackFideId "2800055"]
[WhiteElo "2559"]
[BlackElo "2539"]
[Result "0-1"]
[Round "06"]
[TimeControl "180+2"]
[Date "2023.01.17"]
[WhiteClock "0:00:04"]
[BlackClock "0:00:15"]

1. Nf3 c5 2. c4 Nc6 3. Nc3 g6 4. g3 Bg7 5. Bg2 e5 6. O-O Nge7 7. d3 O-O 8. Nd2 d6 9. a3 a5 10. Nde4 f5 11. Nd2 h6 12. Nd5 Kh7 13. e3 Nxd5 14. cxd5 Ne7 15. Rb1 b6 16. b4 axb4 17. axb4 f4 18. Qb3 Nf5 19. Ne4 g5 20. bxc5 bxc5 21. Qb6 Ba6 22. Rd1 Qe7 23. g4 Rfb8 24. gxf5 Rxb6 25. Rxb6 Qf7 26. Nxd6 Qh5 27. f3 g4 28. f6 gxf3 29. fxg7 fxg2 30. Rd2 Bxd3 31. Rxd3 Qf3 32. Rd1 Qxd1+ 33. Kxg2 Ra2+ 34. Bb2 Qe2+ 35. Kh3 Rxb2 36. Rxb2 Qxb2 37. exf4 exf4 38. Nf5 Qf6 39. Kg4 f3 40. d6 f2 41. Ne7 Qxg7+ 0-1


[Site "https://www.chess.com"]

[Event "Titled Tuesday Blitz January 17 Early 2023"]
[White "Dardha, Daniel"]
[Black "Van Foreest, Lucas"]
[WhiteFideId "240990"]
[BlackFideId "1039792"]
[WhiteElo "2631"]
[BlackElo "2556"]
[Result "1-0"]
[Round "06"]
[TimeControl "180+2"]
[Date "2023.01.17"]
[WhiteClock "0:00:16"]
[BlackClock "0:00:01"]

1. d4 g5 2. h4 g4 3. h5 h6 4. g3 d6 5. Bg2 Bg7 6. c4 Nc6 7. e3 Nf6 8. Ne2 e5 9. Nbc3 Bf5 10. b4 O-O 11. b5 Nb4 12. e4 exd4 13. Nxd4 Nxe4 14. Nxe4 Bxd4 15. Rb1 d5 16. cxd5 Qxd5 17. Nf6+ Bxf6 18. Bxd5 Bxb1 19. Qxg4+ Kh8 20. Qxb4 Rfe8+ 21. Be3 Bd3 22. Qb3 Bh7 23. O-O Rad8 24. Bxf7 Re7 25. Bg6 Bg8 26. Qc2 Bg7 27. Rd1 Red7 28. Rxd7 Rxd7 29. Bd2 c6 30. bxc6 bxc6 31. Bc3 c5 32. Bxg7+ Rxg7 33. Qd2 Bc4 34. Qxh6+ Kg8 35. Qg5 Bf7 36. Qd8+ Be8 37. Qxe8# 1-0


[Site "https://www.chess.com"]

[Event "Titled Tuesday Blitz January 17 Early 2023"]
[White "Kilic, Eray"]
[Black "Timofeev, Artyom"]
[WhiteFideId "44517173"]
[BlackFideId "4140419"]
[WhiteElo "2414"]
[BlackElo "2567"]
[Result "1-0"]
[Round "06"]
[TimeControl "180+2"]
[Date "2023.01.17"]
[WhiteClock "0:00:20"]
[BlackClock "0:00:05"]

1. e4 c5 2. c3 d5 3. exd5 Qxd5 4. d4 Bf5 5. Nf3 Nc6 6. Be2 cxd4 7. cxd4 Bxb1 8. Rxb1 e6 9. a3 Nf6 10. O-O Be7 11. Be3 O-O 12. Rc1 Rfd8 13. Bc4 Qd6 14. Ba2 Nd5 15. Qb3 Rab8 16. Rfe1 h6 17. Bb1 Nxe3 18. fxe3 Bf6 19. Rf1 g6 20. Nd2 Bg7 21. Ne4 Qe7 22. Rf3 Rbc8 23. Rcf1 Rf8 24. Ng3 Na5 25. Qd3 Nc4 26. R3f2 Nd6 27. Nh5 Nf5 28. Nxg7 Kxg7 29. e4 Nd6 30. Rf6 Ne8 31. e5 Kg8 32. Rxg6+ fxg6 33. Qxg6+ Qg7 34. Qxe6+ Kh8 35. Rxf8+ Qxf8 36. Qxc8 Qg8 37. Qxb7 Ng7 38. d5 Qe8 39. e6 Qa4 40. Qc8+ Ne8 41. Qc3+ Kg8 42. Bc2 Qb5 43. Qd3 Qc5+ 44. Kf1 Kf8 45. b4 Qe7 46. Qf5+ Nf6 47. d6 Qg7 48. e7+ Ke8 49. Ba4+ Kf7 50. e8=Q# 1-0


[Site "https://www.chess.com"]

[Event "Titled Tuesday Blitz January 17 Early 2023"]
[White "Gholami Orimi, Mahdi"]
[Black "Pakleza, Zbigniew"]
[WhiteFideId "12558486"]
[BlackFideId "1119290"]
[WhiteElo "2420"]
[BlackElo "2494"]
[Result "0-1"]
[Round "06"]
[TimeControl "180+2"]
[Date "2023.01.17"]
[WhiteClock "0:00:44"]
[BlackClock "0:00:32"]

1. d4 d6 2. Nf3 Bg4 3. e4 Nf6 4. Nbd2 e6 5. h3 Bh5 6. g4 Bg6 7. Qe2 d5 8. e5 Nfd7 9. c3 c5 10. h4 h5 11. Ng5 Nc6 12. Nb3 cxd4 13. cxd4 Nb4 14. gxh5 Nc2+ 15. Kd1 Bxh5 16. f3 Nxa1 17. Nxa1 Qb6 18. Be3 Rc8 19. Bh3 Be7 20. Nb3 a5 21. Rg1 a4 22. Nc1 Bg6 23. Nxe6 Bc2+ 24. Qxc2 Rxc2 25. Nxg7+ Kd8 26. Kxc2 Rxh4 27. Bg2 Nxe5 28. Nf5 Nc4 29. Nxh4 Qxb2+ 30. Kd3 Qa3+ 0-1


[Site "https://www.chess.com"]

[Event "Titled Tuesday Blitz January 17 Early 2023"]
[White "Lortkipanidze, Nodar"]
[Black "Dominguez Perez, Leinier"]
[WhiteFideId "13604058"]
[BlackFideId "3503240"]
[WhiteElo "2406"]
[BlackElo "2739"]
[Result "0-1"]
[Round "06"]
[TimeControl "180+2"]
[Date "2023.01.17"]
[WhiteClock "0:00:17"]
[BlackClock "0:00:05"]

1. e4 Nf6 2. Nc3 d5 3. exd5 Nxd5 4. g3 e5 5. Bg2 Be6 6. Nge2 Nc6 7. O-O Bc5 8. d3 O-O 9. h3 Qd7 10. Kh2 Rad8 11. f4 exf4 12. Nxf4 Nxf4 13. Bxf4 Nd4 14. Ne4 Be7 15. c3 Nc6 16. d4 Bd5 17. Qe2 Rfe8 18. Qf2 Bf8 19. Rfe1 Re6 20. Ng5 Rxe1 21. Rxe1 h6 22. Nf3 Bxa2 23. Qe2 Bd5 24. Qb5 Bxf3 25. Bxf3 Nxd4 26. Qf1 Nxf3+ 27. Qxf3 c5 28. Re2 b5 29. Kg2 a5 30. Rd2 Qc8 31. Rxd8 Qxd8 32. Qb7 Qd3 33. Qb8 a4 34. h4 b4 35. Kh3 h5 36. Qa8 Qd7+ 37. Kh2 b3 38. Be3 Qe7 39. Bg1 Qe2+ 40. Kh3 Qc4 41. Kh2 g6 42. Kh3 Qe6+ 43. Kh2 Qf5 44. Kh1 Qh3+ 45. Bh2 Qg4 46. Bg1 Qc4 47. Kh2 Kg7 48. Be3 Qe2+ 49. Kh3 Qxe3 50. Qxa4 Qe6+ 51. Kg2 c4 52. Kf3 Qf5+ 53. Ke3 Bc5+ 54. Ke2 Qd3+ 55. Ke1 Qb1+ 56. Ke2 Qxb2+ 57. Kf3 Qxc3+ 58. Ke4 Qd4+ 59. Kf3 b2 60. Qa2 Qd3+ 61. Kf4 Bd6+ 0-1


[Site "https://www.chess.com"]

[Event "Titled Tuesday Blitz January 17 Early 2023"]
[White "Predke, Alexandr"]
[Black "Salimova, Nurgyul"]
[WhiteFideId "24107581"]
[BlackFideId "2915138"]
[WhiteElo "2685"]
[BlackElo "2391"]
[Result "1-0"]
[Round "06"]
[TimeControl "180+2"]
[Date "2023.01.17"]
[WhiteClock "0:00:03"]
[BlackClock "0:00:03"]

1. e4 e5 2. Nf3 Nc6 3. Bb5 a6 4. Ba4 Nf6 5. O-O Nxe4 6. d4 b5 7. Bb3 d5 8. dxe5 Be6 9. Nbd2 Nc5 10. c3 d4 11. Bxe6 Nxe6 12. cxd4 Ncxd4 13. a4 Bb4 14. axb5 Nxb5 15. Ne4 O-O 16. Qb3 a5 17. Be3 Nbd4 18. Nxd4 Nxd4 19. Qc4 c5 20. Rad1 Qh4 21. f4 Nf5 22. Rd3 Rfd8 23. Nd6 Nxd6 24. exd6 Rd7 25. Bxc5 Rc8 26. Rd5 Bxc5+ 27. Rxc5 Rxc5 28. Qxc5 Qf6 29. Rd1 g6 30. Qe5 Qd8 31. Kh1 a4 32. h3 Qb8 33. Kh2 Qd8 34. Rd5 Qc8 35. Qd4 Qd8 36. f5 Qb8 37. f6 Qd8 38. Qe5 h5 39. h4 Qb8 40. Kg3 Qc8 41. Qd4 Qd8 42. Kf4 Qe8 43. Qe5 Qd8 44. Kg5 Kh7 45. Rd4 Qf8 46. Kf4 Qh6+ 47. Kf3 Qf8 48. g4 Qa8+ 49. Kf4 Rb7 50. gxh5 Rb3 51. hxg6+ fxg6 52. Qe4 Qc8 53. d7 Qc1+ 54. Ke5 Qc5+ 55. Ke6 Rb6+ 56. Kf7 Rb8 57. Rd6 Qh5 58. Qe7 g5+ 59. Ke6+ Kh6 60. Qg7# 1-0


[Site "https://www.chess.com"]

[Event "Titled Tuesday Blitz January 17 Early 2023"]
[White "Nazari, Arad"]
[Black "Zierk, Steven"]
[WhiteFideId "12577324"]
[BlackFideId "2034255"]
[WhiteElo "2367"]
[BlackElo "2488"]
[Result "0-1"]
[Round "06"]
[TimeControl "180+2"]
[Date "2023.01.17"]
[WhiteClock "0:00:03"]
[BlackClock "0:00:04"]

1. e4 e6 2. d4 d5 3. Nd2 c5 4. Ngf3 cxd4 5. Nxd4 Nc6 6. Nxc6 bxc6 7. Bd3 Qc7 8. O-O Bd6 9. Kh1 Ne7 10. Qe2 Ng6 11. g3 e5 12. c4 d4 13. b3 h5 14. h4 c5 15. Qd1 Qd7 16. Kg1 Nf8 17. Nf3 Qe7 18. a3 Bg4 19. Be2 Ne6 20. Ne1 Bxe2 21. Qxe2 g5 22. hxg5 h4 23. Qg4 O-O-O 24. b4 Kb8 25. Nd3 Rdg8 26. Rb1 cxb4 27. Nxb4 Bxb4 28. Rxb4+ Ka8 29. gxh4 f6 30. g6 Qe8 31. h5 Rxh5 32. Qxh5 Rxg6+ 33. Kh2 Rg2+ 34. Kxg2 Qxh5 35. f3 Qg6+ 36. Kf2 Qh5 37. Rg1 Qh4+ 38. Kf1 a5 39. Rb5 d3 40. Be3 Qh3+ 41. Kf2 Nd4 42. Rg8+ Ka7 43. Rxa5+ Kb6 44. Rb5+ Kc6 45. Rc8+ Qxc8 46. Bxd4 exd4 47. Ke1 Qa6 48. Kd2 Qxa3 49. Rd5 Qc3+ 0-1


[Site "https://www.chess.com"]

[Event "Titled Tuesday Blitz January 17 Early 2023"]
[White "Alex_Sahakyan2006"]
[Black "Oparin, Grigoriy"]
[BlackFideId "24125890"]
[WhiteElo "2675"]
[BlackElo "2667"]
[Result "0-1"]
[Round "06"]
[TimeControl "180+2"]
[Date "2023.01.17"]
[WhiteClock "0:00:06"]
[BlackClock "0:01:30"]

1. e4 c5 2. Nf3 Nc6 3. Nc3 e6 4. d4 cxd4 5. Nxd4 a6 6. g4 b5 7. Bg2 Bb7 8. Be3 Rc8 9. h4 Ne5 10. Qe2 Nc4 11. O-O-O Bb4 12. Rd3 Ne5 13. Rd2 Bxc3 14. bxc3 Qa5 15. Nb3 Qxa2 16. Rd4 Rxc3 17. Qd2 b4 18. Rd1 Nf6 19. g5 O-O 20. Rxb4 Qa3+ 21. Kb1 Qxb4 22. gxf6 Rxb3+ 23. cxb3 Qxb3+ 24. Qb2 Qxd1+ 25. Ka2 Qa4+ 26. Kb1 Bxe4+ 0-1


[Site "https://www.chess.com"]

[Event "Titled Tuesday Blitz January 17 Early 2023"]
[White "Mitrabha, Guha"]
[Black "Ashraf, Artin"]
[WhiteFideId "5057000"]
[BlackFideId "22514805"]
[WhiteElo "2507"]
[BlackElo "2314"]
[Result "0-1"]
[Round "06"]
[TimeControl "180+2"]
[Date "2023.01.17"]
[WhiteClock "0:00:11"]
[BlackClock "0:00:39"]

1. d4 Nf6 2. Nf3 e6 3. c4 d5 4. g3 Bb4+ 5. Nbd2 a5 6. Bg2 O-O 7. Qc2 c6 8. O-O Nbd7 9. c5 a4 10. a3 Ba5 11. Qxa4 b6 12. cxb6 Nxb6 13. Qc2 Bb7 14. Nb3 Nbd7 15. Nxa5 Qxa5 16. Bd2 Qb5 17. Bb4 Rfc8 18. Rfc1 Ne4 19. e3 c5 20. dxc5 Ndxc5 21. Nd4 Qb6 22. Qd1 Ba6 23. Rc2 Nd3 24. Bxe4 dxe4 25. Rxc8+ Rxc8 26. Bc3 e5 27. Nf5 Qf6 28. Qa4 Qxf5 29. Qxa6 Qxf2+ 30. Kh1 Qf3+ 31. Kg1 Qxe3+ 32. Kh1 Nf2+ 33. Kg1 Ng4+ 34. Kg2 Qf3+ 35. Kh3 Nf2+ 0-1


[Site "https://www.chess.com"]

[Event "Titled Tuesday Blitz January 17 Early 2023"]
[White "Demin, Vladimir"]
[Black "Kamsky, Gata"]
[WhiteFideId "4167457"]
[BlackFideId "2000024"]
[WhiteElo "2430"]
[BlackElo "2665"]
[Result "0-1"]
[Round "06"]
[TimeControl "180+2"]
[Date "2023.01.17"]
[WhiteClock "0:00:02"]
[BlackClock "0:01:07"]

1. d4 Nf6 2. Nc3 d5 3. Bf4 Bf5 4. e3 e6 5. f3 a6 6. g4 Bg6 7. h4 h6 8. Bd3 Bxd3 9. Qxd3 c5 10. Nge2 Nc6 11. dxc5 Bxc5 12. O-O-O Qa5 13. Kb1 O-O-O 14. Nc1 Bd6 15. Nb3 Qc7 16. Bxd6 Qxd6 17. Na4 Kb8 18. Nac5 Ne5 19. Qe2 Rc8 20. Ne4 Qe7 21. Nxf6 Qxf6 22. Nd2 g5 23. f4 gxf4 24. exf4 Nc4 25. Nxc4 Rxc4 26. g5 Qxf4 27. Rhf1 Qc7 28. Rf6 hxg5 29. hxg5 Rh2 30. Qf3 Rcxc2 0-1


[Site "https://www.chess.com"]

[Event "Titled Tuesday Blitz January 17 Early 2023"]
[White "Kovalenko, Igor"]
[Black "Trent, Lawrence"]
[WhiteFideId "14117908"]
[BlackFideId "408638"]
[WhiteElo "2674"]
[BlackElo "2403"]
[Result "1-0"]
[Round "06"]
[TimeControl "180+2"]
[Date "2023.01.17"]
[WhiteClock "0:00:34"]
[BlackClock "0:00:16"]

1. d4 d5 2. c4 e6 3. Nc3 Nf6 4. Nf3 Bb4 5. Qa4+ Nc6 6. e3 O-O 7. h3 a6 8. g4 Ne4 9. Qc2 f5 10. Be2 dxc4 11. gxf5 exf5 12. Bxc4+ Kh8 13. a3 Bxc3+ 14. bxc3 Qe8 15. Bb2 f4 16. Bd5 Bf5 17. Nh4 fxe3 18. Nxf5 Rxf5 19. Qxe4 exf2+ 20. Kd2 Qf8 21. Raf1 Re8 22. Be6 Rf4 23. Qe2 Qf6 24. d5 Na5 25. Kc1 Nc4 26. Rh2 Rf8 27. Rg2 Rf3 28. Qxc4 Re3 29. Rgxf2 1-0


[Site "https://www.chess.com"]

[Event "Titled Tuesday Blitz January 17 Early 2023"]
[White "Flores Quillas, Diego Saul Rodri"]
[Black "Bharath Subramaniyam H"]
[WhiteFideId "3822508"]
[BlackFideId "46634827"]
[WhiteElo "2359"]
[BlackElo "2517"]
[Result "0-1"]
[Round "06"]
[TimeControl "180+2"]
[Date "2023.01.17"]
[WhiteClock "0:00:12"]
[BlackClock "0:01:23"]

1. e4 c5 2. Nf3 d6 3. d4 cxd4 4. Nxd4 Nf6 5. Nc3 a6 6. h3 Nc6 7. g4 g6 8. Bg2 Nxd4 9. Qxd4 Bg7 10. Be3 O-O 11. Qd2 Bd7 12. g5 Nh5 13. O-O-O Rc8 14. Bd4 Bxd4 15. Qxd4 Nf4 16. Bf3 Qa5 17. h4 b5 18. Kb1 Be6 19. a3 Rc4 20. Qe3 Rfc8 21. Qxf4 Rxc3 22. Qd2 b4 23. Be2 Rxa3 24. bxa3 Qxa3 25. Qc1 Qa2# 0-1


[Site "https://www.chess.com"]

[Event "Titled Tuesday Blitz January 17 Early 2023"]
[White "Kopczynski, Michal"]
[Black "Pultinevicius, Paulius"]
[WhiteFideId "1124200"]
[BlackFideId "12809390"]
[WhiteElo "2225"]
[BlackElo "2537"]
[Result "1/2-1/2"]
[Round "06"]
[TimeControl "180+2"]
[Date "2023.01.17"]
[WhiteClock "0:00:10"]
[BlackClock "0:00:05"]

1. e4 c6 2. d4 d5 3. e5 Bf5 4. g4 Bd7 5. Bd3 Qc8 6. h3 c5 7. dxc5 Nc6 8. f4 Nb4 9. Be3 h5 10. g5 e6 11. Nc3 Bxc5 12. Bxc5 Qxc5 13. Qd2 Ne7 14. O-O-O O-O-O 15. Nf3 Kb8 16. Kb1 Rc8 17. Ne2 Nxd3 18. Qxd3 Bb5 19. Qd2 Bxe2 20. Qxe2 Nf5 21. Rhe1 Qb4 22. Qd2 Qxd2 23. Rxd2 Rc4 24. g6 fxg6 25. Ng5 Re8 26. Rf2 Kc8 27. b3 Rc6 28. Rg1 Kd7 29. Nf3 Rec8 30. Rxg6 b5 31. Rg5 h4 32. Rg4 Rh8 33. Rfg2 Rc7 34. Rg6 b4 35. Ng5 Rc6 36. Nf3 Rc3 37. Ng5 Rg3 38. Nxe6 Rxh3 39. Nxg7 Rh1+ 40. Rg1 Ne7 41. e6+ Kd6 42. Nf5+ Nxf5 43. Rxh1 Ne7 44. Rg4 Nf5 45. e7 Kxe7 46. Kc1 Ke6 47. Kd2 Kf6 48. Kd3 a5 49. Rg5 Rc8 50. Rg4 Rc3+ 51. Kd2 h3 52. Rg8 Nd4 53. Rf8+ Kg7 54. Rd8 h2 55. Rd7+ Kf6 56. Rxd5 Nf3+ 57. Kd1 Kg6 58. Rd3 Kf5 59. Rxc3 bxc3 60. Ke2 Kxf4 61. Rf1 Kg4 62. Rh1 Kg3 63. Kd3 Kg2 64. Rxh2+ Kxh2 65. Kxc3 Kg3 66. a4 Kf4 67. b4 axb4+ 68. Kxb4 Ke5 69. c4 Kd6 70. a5 Kc7 71. Kb5 Nd4+ 72. Kc5 Nb3+ 73. Kb4 Nd2 74. a6 Kb6 75. a7 Kxa7 76. c5 Kb7 77. c6+ Kxc6 1/2-1/2


[Site "https://www.chess.com"]

[Event "Titled Tuesday Blitz January 17 Early 2023"]
[White "Paichadze, Luka"]
[Black "Martin Duque, Jesus"]
[WhiteFideId "13602934"]
[BlackFideId "2208954"]
[WhiteElo "2515"]
[BlackElo "2386"]
[Result "1-0"]
[Round "06"]
[TimeControl "180+2"]
[Date "2023.01.17"]
[WhiteClock "0:02:00"]
[BlackClock "0:01:05"]

1. e4 c5 2. b3 g6 3. Bb2 Nf6 4. Qf3 Nc6 5. e5 Nh5 6. Qe3 d6 7. Bb5 Ng7 8. exd6 Qxd6 9. Nf3 f6 10. Nc3 Nf5 11. Qe2 a6 12. Ne4 Qe6 13. Bc4 Nfd4 14. Nxd4 1-0


[Site "https://www.chess.com"]

[Event "Titled Tuesday Blitz January 17 Early 2023"]
[White "Galchenko, Matvey"]
[Black "Duda, Jan-Krzysztof"]
[WhiteFideId "24175480"]
[BlackFideId "1170546"]
[WhiteElo "2438"]
[BlackElo "2724"]
[Result "0-1"]
[Round "06"]
[TimeControl "180+2"]
[Date "2023.01.17"]
[WhiteClock "0:00:08"]
[BlackClock "0:01:16"]

1. d4 b6 2. e4 Bb7 3. Bd3 e6 4. Nf3 d6 5. Nc3 Nd7 6. a4 a6 7. a5 b5 8. O-O c5 9. Re1 c4 10. Bf1 Ngf6 11. e5 dxe5 12. dxe5 Nd5 13. Ne4 h6 14. b3 c3 15. Qd4 Qc7 16. Nd6+ Bxd6 17. exd6 Qxd6 18. Qxg7 O-O-O 19. Qxf7 Nc5 20. Qh5 Rhg8 21. Be3 Rdf8 22. Bxc5 Qxc5 23. Rxe6 Kb8 24. Re5 Qc6 25. Rf5 Nf4 26. Rxf8+ Rxf8 27. Qe5+ Ka8 28. Qg7 Qc8 29. Qg3 Nh3+ 30. Qxh3 Qxh3 31. gxh3 Rg8+ 32. Bg2 Bxf3 33. Re1 Rxg2+ 34. Kf1 Rxh2 0-1


[Site "https://www.chess.com"]